General information
- name: BNet
- type: Ladder 1vs1/FFA
- host: Battle.net
- saver: MoronMoronMoron
map: TerenasStand
- players: 2
- length: 19:47
- speed: Fast
- version: 1.24 W3XP
- replay type: Public
» download(73 KB)
Players
team 1 (winner)
MoronMoronMoron (
purple | 75 APM | 1490 actions | 19:47)
6 Goblin Tinker
3 Pocket Factory
2 Engineering Upgrade
1 Robo-Goblin
» actions
| Assign group hotkey | 98 | |
| Basic commands | 28 | |
| Build / train | 94 | |
| ESC pressed | 3 | |
| Enter build submenu | 28 | |
| Enter hero's abilities submenu | 6 | |
| Give item / drop item | 3 | |
| Right click | 598 | |
| Select / deselect | 277 | |
| Select group hotkey | 260 | |
| Use ability | 95 | |
1490 total
» units
| Peasant | 13 | |
| Footman | 11 | |
| Goblin Shredder | 3 | |
| Goblin Sapper | 5 | |
| Goblin Zeppelin | 1 | |
| Gryphon Rider | 6 | |
39 total
» upgrades
| Defend | 1 | |
| Masonry | 3 | |
| Storm Hammers | 1 | |
| Animal War Training | 1 | |
6 total
» buildings
| Altar of Kings | 1 | |
| Farm | 10 | |
| Barracks | 1 | |
| Lumber Mill | 1 | |
| Scout Tower | 9 | |
| Town Hall | 1 | |
| Arcane Vault | 1 | |
| Arcane Tower | 4 | |
| Keep | 2 | |
| Guard Tower | 11 | |
| Castle | 2 | |
| Gryphon Aviary | 3 | |
| Blacksmith | 1 | |
47 total
» build order
00:09 Altar of Kings
00:12 Farm
00:33 Barracks
00:54 Farm
01:39 Farm
02:36 Lumber Mill
03:34 Farm
03:38 Scout Tower
04:42 Town Hall
04:45 Arcane Vault
04:48 Scout Tower
04:53 Arcane Tower
05:24 Scout Tower
05:41 Arcane Tower
06:05 Keep
06:05 Keep
06:31 Scout Tower
06:50 Scout Tower
06:53 Arcane Tower
06:54 Scout Tower
07:05 Guard Tower
07:05 Guard Tower
07:19 Guard Tower
07:25 Guard Tower
07:52 Scout Tower
07:59 Scout Tower
08:00 Scout Tower
08:14 Farm
08:18 Guard Tower
08:18 Guard Tower
08:20 Farm
08:41 Guard Tower
08:42 Castle
08:42 Castle
09:15 Guard Tower
09:16 Gryphon Aviary
09:17 Gryphon Aviary
09:55 Gryphon Aviary
09:58 Farm
09:58 Farm
10:07 Blacksmith
10:46 Farm
10:46 Farm
13:00 Guard Tower
13:07 Guard Tower
13:08 Guard Tower
» items
| Scroll of Regeneration | 5 | |
| Lesser Clarity Potion | 4 | |
| Scroll of Town Portal | 2 | |
| Ivory Tower | 3 | |
| Potion of Healing | 1 | |
| Scroll of Healing | 2 | |
| Boots of Speed | 1 | |
| Circlet of Nobility | 1 | |
| Periapt of Vitality | 1 | |
| Potion of Invisibility | 1 | |
| Staff of Teleportation | 1 | |
22 total
team 2 (loser)
Joshua- (
teal | 122 APM | 2409 actions | 19:45)
4 Far Seer
2 Feral Spirit
2 Chain Lighting
2 Tauren Chieftain
1 Shockwave
1 Endurance Aura
» actions
| Assign group hotkey | 83 | |
| Basic commands | 22 | |
| Build / train | 70 | |
| ESC pressed | 11 | |
| Enter build submenu | 28 | |
| Enter hero's abilities submenu | 6 | |
| Give item / drop item | 6 | |
| Right click | 1182 | |
| Select / deselect | 345 | |
| Select group hotkey | 481 | |
| Use ability | 175 | |
2409 total
» units
| Peon | 11 | |
| Grunt | 8 | |
| Spirit Walker | 1 | |
| Goblin Zeppelin | 2 | |
22 total
» upgrades
| Pillage | 1 | |
| Berserker Strength | 1 | |
| Melee Weapons | 1 | |
| Spirit Walker Training | 1 | |
| Reinforced Defenses | 1 | |
5 total
» buildings
| Altar of Storms | 1 | |
| Orc Burrow | 8 | |
| Barracks | 1 | |
| Stronghold | 2 | |
| Voodoo Lounge | 3 | |
| War Mill | 2 | |
| Spirit Lodge | 1 | |
| Watch Tower | 4 | |
| Beastiary | 1 | |
| Great Hall | 1 | |
| Fortress | 3 | |
27 total
» build order
00:04 Altar of Storms
00:12 Orc Burrow
00:40 Barracks
01:22 Orc Burrow
02:54 Stronghold
02:54 Stronghold
03:26 Orc Burrow
03:43 Voodoo Lounge
04:21 War Mill
06:24 Spirit Lodge
06:50 Watch Tower
07:15 Orc Burrow
08:11 Beastiary
08:49 Great Hall
11:05 Fortress
11:05 Fortress
11:05 Fortress
11:46 Watch Tower
11:48 Watch Tower
12:37 Watch Tower
13:20 Orc Burrow
14:35 Orc Burrow
14:36 Orc Burrow
17:01 Orc Burrow
17:06 Voodoo Lounge
17:09 Voodoo Lounge
18:43 War Mill
» items
| Healing Salve | 6 | |
| Lesser Clarity Potion | 6 | |
| Scroll of Speed | 2 | |
| Potion of Lesser Invulnerability | 2 | |
16 total
Chat log
(00:05 / All) Joshua-: gLHF
(00:14 / All) MoronMoronMoron: bl dhf
(00:31 / All) Joshua-: idont need luck anyway boy
(00:38 / All) MoronMoronMoron: im a girl
(00:44 / All) Joshua-: ur a moron
(00:58 / All) Joshua-: right?
(01:06 / All) MoronMoronMoron: youre a nigger
(01:24 / All) Joshua-: im black
(01:27 / All) Joshua-: but not a nigger
(01:29 / All) MoronMoronMoron: blackie boyo
(01:34 / All) Joshua-: u don even have a def. for nigger
(01:40 / All) Joshua-: u just a ignorant moron sayin it
(01:54 / All) MoronMoronMoron: a nigger is someone whos skin isnyt pale white
(02:01 / All) Joshua-: lol
(02:01 / All) MoronMoronMoron: donnie darko
(02:02 / All) Joshua-: LOL
(02:13 / All) Joshua-: ur dumb
(06:03 / All) Joshua-: Ggl
(06:05 / All) Joshua-: u suck
(06:41 / All) Joshua-: LOL
(06:42 / All) Joshua-: AND U MAPHACK
(07:46 / All) Joshua-: lol hacker noob
(11:24 / All) Joshua-: Sad
(11:37 / All) MoronMoronMoron: uits just a game dont be ad
(11:43 / All) Joshua-: Sad that u gettin RAPED
(11:43 / All) Joshua-: lOL
(12:06 / All) Joshua-: just a game and u still gotta hack.. smh
(13:28 / All) Joshua-: lOL
(13:32 / All) MoronMoronMoron: WHO HACKS?
(13:33 / All) MoronMoronMoron: U?
(13:39 / All) Joshua-: NOOB
(13:40 / All) MoronMoronMoron: eASY RAPE
(13:46 / All) Joshua-: Lol
(13:48 / All) Joshua-: die noob
(14:24 / All) MoronMoronMoron: SO EASY WWIN
(14:25 / All) MoronMoronMoron: LAFFO
(14:30 / All) Joshua-: i bet it is
(14:38 / All) MoronMoronMoron: HEY U GOOD AT FRACTIONS?
(14:42 / All) MoronMoronMoron: WHATS 33 TENTHS?
(15:54 / All) MoronMoronMoron: MIGHTY MIGHTY CHAIN LIGHNITIT
(16:09 / All) Joshua-: lOL
(16:09 / All) Joshua-: loL
(16:10 / All) Joshua-: NOOB
(16:15 / All) MoronMoronMoron: EASY WIN
(16:16 / All) MoronMoronMoron: LAFFO
(16:56 / All) MoronMoronMoron: TANK MAN OWNS YOUR BASE
(17:15 / All) Joshua-: AFK
(17:17 / All) MoronMoronMoron: FOR YOUR TEARS
(18:48 / All) Joshua-: AFK MY nuts noob
(18:49 / All) Joshua-: lol
(18:55 / All) Joshua-: Gg at life
(18:57 / All) MoronMoronMoron: U TALKING TO URSELF?
(19:00 / All) MoronMoronMoron: POOP BOY
(19:05 / All) Joshua-: talking to a noob who cant play a game without cheating
(19:11 / All) Joshua-: and def cant get ahead in life
(19:14 / All) MoronMoronMoron: STILL TALKING TO URSELF?
(19:24 / All) Joshua-: Cant even kill a fs lol
(19:35 / All) MoronMoronMoron: RUN POOP BOY
(19:36 / All) Joshua-: LALALA